Map: Chantier naval orbital

Players

Ownards - Winner!

  • Race: Protoss Protoss
  • League: Master

vansvemirac

  • Race: Zerg Zerg
  • League: Diamond

VOD

Have the link to the VOD?

Description

Time

  • Played on: March 20, 2016, 7:42 p.m.
  • Length: 9:10
Show
View Real Time Build Order
Export as new Build Order

Ownards Protoss - Winner!

Build Orders: 1 Gate Expand, Mass Adepts 

Get SALT Encoding   

  12  0:00  Probe (Chrono Boost)  
  13  0:11  Probe (Chrono Boost)  
  14  0:19  Pylon  
  14  0:22  Probe (Chrono Boost)  
  15  0:37  Probe (Chrono Boost)  
  15  0:42  Gateway  
  16  0:48  Probe (Chrono Boost)  
  17  0:54  Assimilator  
  17  0:58  Probe (Chrono Boost)  
  18  1:09  Probe (Chrono Boost)  
  19  1:25  Nexus  
  19  1:34  Cybernetics Core  
  19  1:42  Assimilator  
  19  1:43  Probe (Chrono Boost)  
  20  1:51  Pylon  
  21  1:54  Probe (Chrono Boost)  
  21  2:04  Probe (Chrono Boost)  
  22  2:10  Adept (Chrono Boost)  
  22  2:11  Warp Gate (Chrono Boost)  
  22  2:15  Probe  
  25  2:21  Pylon  
  25  2:27  Probe  
  26  2:40  Probe  
  27  2:45  Gateway  
  27  2:48  Gateway  
  27  2:49  Probe  
  28  2:52  Mothership Core  
  30  3:00  Probe, Adept (Chrono Boost)  
  33  3:11  Probe  
  34  3:13  Probe  
  35  3:21  Probe  
  35  3:25  Pylon  
  35  3:26  Probe  
  37  3:35  Gateway  
  37  3:36  Gateway  
  37  3:38  Probe  
  38  3:44  Probe, Gateway  
  39  3:51  Probe, Pylon  
  39  3:54  Probe  
  40  4:00  Robotics Facility  
  41  4:03  Probe  
  41  4:08  Probe  
  43  4:16  Probe  
  44  4:18  Probe  
  44  4:20  Adept x3  
  51  4:29  Probe x2  
  53  4:35  Adept x2  
  57  4:40  Adept x4  
  57  4:42  Probe  
  66  4:48  Immortal (Chrono Boost)  
  64  5:21  Adept x3  
  70  5:34  Immortal (Chrono Boost)  
  70  5:41  Assimilator x2  
  70  5:44  Pylon  
  70  5:46  Pylon  
  70  5:48  Probe  
  69  5:50  Pylon  
  69  6:02  Probe  
  66  6:05  Nexus  
  66  6:07  Adept  
  66  6:08  Adept x2  
  69  6:16  Adept x3  
  71  6:19  Probe  
  71  6:21  Probe  
  71  6:22  Pylon  
  71  6:24  Pylon  
  71  6:25  Immortal (Chrono Boost)  
  77  6:26  Pylon  
  77  6:28  Pylon  
  75  6:34  Probe  
  72  6:44  Probe  
  73  6:48  Stalker  
  73  6:49  Stalker x2  
  79  6:59  Immortal (Chrono Boost)  
  79  7:01  Adept x3  
  83  7:13  Probe  
  83  7:14  Pylon  
  84  7:17  Stalker x3  
  88  7:30  Stalker x3  
  88  7:35  Probe  
  88  7:36  Probe  
  94  7:37  Probe  
  94  7:40  Assimilator  
  94  7:42  Assimilator  
  99  7:45  Immortal (Chrono Boost)  
  95  8:12  Stalker  
  97  8:13  Stalker x5  
  97  8:18  Probe  
  100  8:29  Probe x2  
  102  8:34  Probe  
  102  8:36  Adept x4  
  102  8:37  Adept x2  
  109  8:59  Adept x4  
  109  9:00  Adept x2  
Show
View Real Time Build Order
Export as new Build Order

vansvemirac Zerg 

Build Orders: Hatch First 

Get SALT Encoding   

  12  0:01  Drone  
  13  0:12  Overlord  
  13  0:17  Drone  
  14  0:30  Drone x2  
  14  0:35  Drone  
  17  0:45  Drone  
  18  0:55  Hatchery  
  17  0:57  Drone  
  18  1:06  Drone  
  19  1:14  Spawning Pool  
  19  1:17  Drone  
  19  1:29  Drone  
  20  1:39  Drone  
  21  1:49  Drone  
  21  1:53  Extractor  
  21  2:02  Roach Warren, Queen  
  21  2:04  Overlord  
  21  2:07  Queen  
  21  2:08  Drone  
  25  2:12  Zergling x2  
  26  2:21  Drone  
  27  2:22  Overlord  
  27  2:29  Drone  
  28  2:35  Drone  
  29  2:43  Drone, Queen  
  32  2:47  Drone  
  33  3:01  Hatchery  
  31  3:22  Drone x3  
  31  3:24  Extractor  
  33  3:27  Overlord x2  
  33  3:31  Roach x5, Extractor  
  33  3:33  Drone  
  43  3:41  Overlord  
  43  3:47  Drone x3  
  46  3:51  Drone x2  
  48  4:01  Drone  
  48  4:02  Drone x4  
  53  4:07  Evolution Chamber  
  52  4:13  Roach  
  54  4:19  Roach x2  
  60  4:24  Roach x2  
  62  4:34  Roach x3  
  62  4:36  Drone  
  69  4:42  Lair  
  69  4:45  Zerg Missile Weapons Level 1  
  69  4:52  Drone x2  
  71  4:53  Drone x2  
  73  5:01  Queen  
  73  5:03  Overlord  
  67  5:35  Drone x6  
  68  5:36  Drone x9  
  67  6:00  Queen  
  65  6:06  Roach  
  65  6:07  Roach x4  
  65  6:10  Glial Reconstitution  
  72  6:13  Drone x2  
  73  6:22  Drone x5  
  78  6:32  Overseer  
  75  6:38  Queen  
  73  6:42  Zerg Missile Weapons Level 2  
  73  6:50  Drone  
  73  6:51  Drone x6  
  73  6:52  Drone x2  
  77  7:13  Queen  
  79  7:19  Drone x3  
  79  7:21  Extractor  
  81  7:24  Drone x3  
  81  7:27  Drone x5  
  79  7:32  Metabolic Boost  
  75  7:37  Roach x2, Hydralisk Den  
  75  7:40  Roach  
  80  7:44  Overlord  
  80  7:53  Roach x2  
  66  8:00  Roach x2  
  66  8:01  Roach x3  
  68  8:07  Hydralisk  
  66  8:14  Hydralisk x2  
  66  8:17  Hydralisk  
  67  8:21  Zergling x2  
  67  8:22  Zergling x2  
  62  8:34  Zergling x8  
  62  8:40  Zergling x4  
Tags
 
Add a new tag
Caveats
  • Supply blocks, unpowered buildings, or Contaminate may cause inaccurate times.
  • Supply counts are checked every 10 seconds.